 Dungeon Crawl Stone Soup version 0.23.1 (webtiles) character file.

Game seed: 17439879536406849722

19429 doot the Eclecticist (level 12, -13/62 HPs)
             Began as a Deep Elf Earth Elementalist on Mar 19, 2019.
             Was an Elder of Vehumet.
             Hit by a steel javelin thrown by a minotaur (23 damage)
             ... in a Gauntlet.
             The game lasted 00:53:22 (13312 turns).

doot the Eclecticist (Deep Elf Earth Elementalist) Turns: 13312, Time: 00:53:22

Health: -13/62     AC: 10    Str:  5    XL:     12   Next: 36%
Magic:  10/35      EV: 15    Int: 26    God:    Vehumet [****..]
Gold:   907        SH:  0    Dex: 15    Spells: 14/46 levels left

rFire    . . .     SeeInvis .   k - +0 falchion (venom)
rCold    . . .     Gourm    .   (no shield)
rNeg     . . .     Faith    .   W - +1 robe {MR+}
rPois    .         Spirit   .   X - +1 hat
rElec    .         Reflect  .   (no cloak)
rCorr    .         Harm     .   F - +0 pair of gloves
MR       ++...     NoTele   +   m - +0 pair of boots
Stlth    +++.......             V - amulet of the acrobat
HPRegen  0.20/turn              z - +4 ring of protection
MPRegen  0.24/turn              y - ring of wizardry

@: no status effects
A: no striking features
a: Renounce Religion


You were in a Gauntlet.
You worshipped Vehumet.
Vehumet was greatly pleased with you.
You were not hungry.

You visited 3 branches of the dungeon, and saw 13 of its levels.
You also visited: Ossuary and Gauntlet.

You collected 1019 gold pieces.
You spent 112 gold pieces at shops.

Inventory:

Hand Weapons
 k - a +0 falchion of venom (weapon)
 H - a +0 blowgun
 O - a +0 great sword
 P - a +0 demon trident of freezing
 Q - a +3 long sword
Missiles
 b - 41 stones (quivered)
 I - 36 poisoned needles
Armour
 c - a +0 robe
 m - a +0 pair of boots (worn)
 F - a +0 pair of gloves (worn)
 W - a +1 robe of magic resistance (worn)
 X - a +1 hat (worn)
 Z - a +2 chain mail of poison resistance
Jewellery
 g - a +4 ring of evasion
 v - a +2 ring of strength
 w - an uncursed ring of protection from fire
 y - a ring of wizardry (right hand)
 z - a +4 ring of protection (left hand)
 C - a +2 ring of strength
 R - an uncursed amulet of regeneration
 V - an amulet of the acrobat (around neck)
Wands
 i - a wand of disintegration (17)
 p - a wand of iceblast (15)
 u - a wand of random effects (32)
 x - a wand of flame (10)
 U - a wand of paralysis (5)
Scrolls
 a - 10 scrolls of teleportation
 e - 2 scrolls of amnesia {unknown}
 f - 4 scrolls of identify
 l - 2 scrolls of enchant armour
 o - 2 scrolls of magic mapping {unknown}
 A - 4 scrolls of blinking
 B - 6 scrolls of remove curse
 G - 4 scrolls of enchant weapon {unknown}
 K - a scroll of noise {unknown}
 M - 2 scrolls of immolation {unknown}
 N - 2 scrolls of random uselessness {unknown}
 S - a scroll of fear
Potions
 h - 2 potions of lignification
 j - 11 potions of degeneration
 n - 3 potions of brilliance
 q - 8 potions of curing
 r - 3 potions of agility
 s - a potion of flight {unknown}
 t - 2 potions of might
 D - a potion of haste {unknown}
 E - a potion of invisibility {unknown}
 J - a potion of magic {unknown}
 L - 2 potions of mutation
 T - 2 potions of cancellation
 Y - 2 potions of heal wounds {unknown}
Comestibles
 d - 21 rations


   Skills:
 + Level 2.1 Fighting
 + Level 2.9 Long Blades
 + Level 5.2 Dodging
 + Level 6.5 Stealth
 + Level 17.7 Spellcasting
 + Level 0.3 Summonings
 + Level 2.1 Transmutations
 + Level 13.5 Earth Magic


You had 14 spell levels left.
You knew the following spells:

 Your Spells              Type           Power        Failure   Level  Hunger
a - Sandblast             Erth           ######       0%          1    None
b - Leda's Liquefaction   Hex/Erth       ######....   1%          4    None
c - Petrify               Tmut/Erth      ######..     1%          4    None
d - Lee's Rapid Deconstr  Erth           #######...   1%          5    None
e - Cause Fear            Hex            ###.......   9%          4    None
f - Blink                 Tloc           N/A          1%          2    None
g - Call Canine Familiar  Summ           ###.....     2%          3    None
h - Olgreb's Toxic Radia  Pois           ###.....     2%          4    None
i - Irradiate             Conj/Tmut      ####......   4%          5    None

Your spell library contained the following spells:

 Spells                   Type           Power        Failure   Level  Hunger
 Corona                   Hex            ###....      1%          1    None
 Magic Dart               Conj           ###.         1%          1    None
 Summon Small Mammal      Summ           ###.         1%          1    None
 Call Imp                 Summ           ###.....     1%          2    None
 Passwall                 Tmut/Erth      ######..     1%          2    None
 Slow                     Hex            ###.....     1%          2    None
 Conjure Flame            Conj/Fire      ###.....     1%          3    None
 Inner Flame              Hex/Fire       ###.....     1%          3    None
 Mephitic Cloud           Conj/Pois/Air  ###.....     1%          3    None
 Stone Arrow              Conj/Erth      ######       1%          3    None
 Portal Projectile        Hex/Tloc       ###...       2%          3    None
 Summon Guardian Golem    Hex/Summ       ###.....     2%          3    None
 Ice Form                 Ice/Tmut       ####....     6%          4    None
 Summon Ice Beast         Ice/Summ       ###.....     8%          4    None
 Summon Lightning Spire   Summ/Air       ###.....     8%          4    None
 Metabolic Englaciation   Hex/Ice        ###.......   22%         5    None
 Bolt of Cold             Conj/Ice       ###.......   30%         6    ###....
 Freezing Cloud           Conj/Ice/Air   ###.......   30%         6    ###....
 Ozocubu's Refrigeration  Ice            ###.......   30%         6    ###....
 Simulacrum               Ice/Necr       ###.......   75%         6    ###....


Dungeon Overview and Level Annotations

Branches:
Dungeon (10/15)            Temple (1/1) D:5            Lair (2/6) D:10
  Swamp: Lair:2-4    Shoals: Lair:2-4     Snake: Lair:2-4    Spider: Lair:2-4
    Orc: D:9-12

Altars:
Ashenzari
Cheibriados
Dithmenos
Elyvilon
Fedhas
Gozag
Hepliaklqana
Kikubaaqudgha
Makhleb
Nemelex Xobeh
Okawaru
Qazlal
Ru
Sif Muna
Trog
Uskayaw
Vehumet
Wu Jian
Xom
Yredelemnul
Zin
The Shining One

Shops:
D:9 ?   D:10 }

Portals:
Abyss: D:10

Annotations:
D:5 1 runed translucent door, grocchini's ghost, novice FoAK Gauntlet 4 transporters


Message History

Confirm with . or Enter, or press ? or * to list all spells.
Aiming: Lee's Rapid Deconstruction (safe; 1% risk of failure)
Press: ? - help, Dir - move target cursor A metal wall.
The metal wall shatters!
The blast of metal fragments hits the minotaur.
The minotaur is severely wounded.
The minotaur throws a steel javelin.
The steel javelin hits you!
* * * LOW HITPOINT WARNING * * *
Unknown command.
Casting: Lee's Rapid Deconstruction (safe; 1% risk of failure)
Confirm with . or Enter, or press ? or * to list all spells.
Aiming: Lee's Rapid Deconstruction (safe; 1% risk of failure)
Press: ? - help, Dir - move target cursor A metal wall.
The metal wall shatters!
The blast of metal fragments hits the minotaur!
The minotaur is almost dead.
The minotaur throws a steel javelin.
The steel javelin hits you!!
You die...

#≈8≈#..#".##.##..#
######...#..#©.#.©.#..#
#...##.8.#..#!2##.##..#
#.#.##...#..#.#.#.#.#.#
#.#....8.#..#.##...##.#
#.#.##...#..#.........# ###+
#...##...#..###########
#..⌠.##.#.##.©.#≈............
+⌠...H'.#.H.@..#∩............
#...∩##(#.##.©.#≈............
#.⌠. #...##...#..###########
##+ #.#.##...#..#.........#
#.#....8.#..#.##^.^##.#
#.#.##...#..#..##.##..#
#...##.8.#..#...#.#...#
######...#..#©..#©....#
#≈8§#..#...#.#...#


You could see a minotaur.

Vanquished Creatures
  Gastronok (Lair:2)
  An ogre mage (D:10)
  A two-headed ogre (D:9)
  A sixfirhy (Gauntlet)
  An unseen horror (D:10)
  A deep elf mage (D:10)
  A black mamba (Lair:1)
  3 spiny frogs
  2 gargoyles (D:10)
  A rime drake (Lair:1)
  A troll (D:10)
  A hornet (D:10)
  4 hippogriffs
  4 flying skulls (Gauntlet)
  Sigmund (D:5)
  13 yaks
  A ynoxinul (Gauntlet)
  A human (D:8)
  A neqoxec (Gauntlet)
  3 hogs (D:8)
  3 chaos spawn (Gauntlet)
  3 hungry ghosts
  6 water moccasins
  2 porcupines
  3 ice beasts
  2 orc warriors
  2 phantoms
  3 sky beasts
  2 black bears
  6 centaurs
  6 ogres
  A crocodile (Lair:1)
  3 big kobolds
  18 bullfrogs
  3 scorpions
  21 killer bees
  2 howler monkeys
  8 wights
  4 crimson imps (D:6)
  2 bullfrog zombies
  3 centaur zombies
  4 hounds
  4 iron imps (Gauntlet)
  2 orc priests (D:7)
  A gnoll shaman (D:4)
  7 jellies
  A human zombie (Ossuary)
  3 orc wizards
  2 bullfrog skeletons
  Jessica (D:2)
  3 iguanas
  10 worker ants
  A hound zombie (D:9)
  3 mummies (Ossuary)
  3 gnolls (D:4)
  A howler monkey skeleton (D:8)
  15 adders
  2 shadow imps (D:8)
  4 ufetubi (Gauntlet)
  An ooze (D:3)
  3 adder zombies
  3 adder skeletons
  A dart slug (D:3)
  5 leopard geckos
  17 orcs
  2 giant cockroaches
  4 hobgoblins
  10 jackals
  2 quokkas
  7 bats
  A frilled lizard (D:1)
  A gnoll zombie (Ossuary)
  3 goblins
  3 hobgoblin zombies (Ossuary)
  9 kobolds
  2 kobold zombies (Ossuary)
  A quokka skeleton (D:7)
  2 rats (D:1)
290 creatures vanquished.

Vanquished Creatures (collateral kills)
  A jelly (D:9)
1 creature vanquished.

Grand Total: 291 creatures vanquished

Notes
Turn   | Place    | Note
-------+----------+-------------------------------------------
     0 | D:1      | doot the Deep Elf Earth Elementalist began the quest for
                  | the Orb.
     0 | D:1      | Reached XP level 1. HP: 10/10 MP: 6/6
   312 | D:2      | Reached XP level 2. HP: 15/15 MP: 5/8
   355 | D:3      | Found an iron altar of Okawaru.
   599 | D:3      | Reached XP level 3. HP: 19/19 MP: 8/10
   795 | D:4      | Noticed a phantom
  1000 | D:4      | Reached skill level 4 in Spellcasting
  1061 | D:4      | Noticed a scorpion
  1064 | D:4      | Killed a scorpion
  1064 | D:4      | Reached XP level 4. HP: 24/24 MP: 8/12
  1093 | D:4      | Reached skill level 5 in Spellcasting
  1093 | D:4      | Reached skill level 5 in Earth Magic
  1093 | D:4      | Reached XP level 5. HP: 22/28 MP: 2/14
  1626 | D:4      | Killed a phantom
  1626 | D:4      | Reached skill level 6 in Spellcasting
  1626 | D:4      | Reached XP level 6. HP: 29/33 MP: 10/17
  1786 | D:3      | Learned a level 4 spell: Petrify
  1792 | D:3      | Learned a level 5 spell: Lee's Rapid Deconstruction
  1901 | D:5      | Entered Level 5 of the Dungeon
  2142 | D:5      | Noticed an ice beast
  2258 | D:6      | Reached skill level 7 in Spellcasting
  2258 | D:6      | Reached XP level 7. HP: 11/37 MP: 7/19
  2507 | D:6      | Reached skill level 8 in Spellcasting
  2513 | D:6      | Found a sparkling altar of Nemelex Xobeh.
  2522 | D:6      | Reached skill level 1 in Long Blades
  2622 | D:6      | Found a radiant altar of Vehumet.
  2623 | D:6      | Found a burning altar of Makhleb.
  2630 | D:6      | Became a worshipper of Vehumet
  2750 | D:6      | Reached XP level 8. HP: 42/42 MP: 19/22
  2793 | D:5      | Reached skill level 9 in Spellcasting
  2895 | D:5      | Noticed Sigmund
  2897 | D:5      | Killed Sigmund
  2897 | D:5      | Reached skill level 5 in Stealth
  2901 | D:5      | Found a runed translucent door.
  2901 | D:5      | Noticed grocchini's ghost (novice FoAK)
  2914 | D:5      | Reached skill level 10 in Spellcasting
  3170 | D:5      | Found a staircase to the Ecumenical Temple.
  3179 | Temple   | Entered the Ecumenical Temple
  3414 | D:5      | Found a white marble altar of Elyvilon.
  4312 | D:1      | You fall through a shaft!
  4660 | D:2      | Found a white marble altar of Elyvilon.
  4817 | D:2      | Noticed Jessica
  4826 | D:2      | Killed Jessica
  5424 | D:6      | Found a snail-covered altar of Cheibriados.
  5721 | D:6      | Found a glowing silver altar of Zin.
  5782 | D:7      | Reached XP level 9. HP: 46/46 MP: 17/25
  5804 | D:7      | Reached skill level 11 in Spellcasting
  5804 | D:7      | Reached * piety under Vehumet
  5804 | D:7      | Offered knowledge of Flame Tongue by Vehumet.
  5869 | D:7      | Found a sand-covered staircase.
  5878 | Ossuary  | Entered an ossuary
  6473 | D:7      | Reached skill level 12 in Spellcasting
  6508 | D:7      | Reached ** piety under Vehumet
  6508 | D:7      | Offered knowledge of Throw Flame by Vehumet.
  6509 | D:7      | Reached skill level 1 in Fighting
  6734 | D:7      | Found a sacrificial altar of Ru.
  6741 | D:7      | Found a sparkling altar of Nemelex Xobeh.
  6747 | D:7      | Found an opulent altar of Gozag.
  6750 | D:7      | Found an iron altar of Okawaru.
  7581 | D:8      | Reached skill level 13 in Spellcasting
  7583 | D:8      | Reached XP level 10. HP: 52/52 MP: 18/29
  7592 | D:8      | Noticed a two-headed ogre
  7977 | D:8      | Reached skill level 10 in Earth Magic
  8301 | D:9      | Found Geor's Magic Scroll Emporium.
  8303 | D:9      | Bought a scroll of enchant armour for 112 gold pieces
  8313 | D:9      | Learned a level 4 spell: Leda's Liquefaction
  8318 | D:9      | Learned a level 4 spell: Cause Fear
  8423 | D:9      | Offered knowledge of Conjure Flame by Vehumet.
  8756 | D:9      | Learned a level 2 spell: Blink
  8793 | D:9      | Reached *** piety under Vehumet
  8814 | D:9      | Reached skill level 14 in Spellcasting
  8816 | D:9      | Noticed a two-headed ogre
  8905 | D:9      | Killed a two-headed ogre
  8959 | D:9      | Learned a level 3 spell: Call Canine Familiar
  9221 | D:10     | Entered Level 10 of the Dungeon
  9291 | D:10     | Offered knowledge of Fulminant Prism by Vehumet.
  9294 | D:10     | Noticed a gargoyle
  9306 | D:10     | Killed a gargoyle
  9468 | D:10     | Found a staircase to the Lair.
  9495 | D:10     | Reached XP level 11. HP: 57/57 MP: 31/31
  9537 | D:10     | Reached skill level 15 in Spellcasting
  9593 | D:10     | Reached **** piety under Vehumet
  9748 | D:10     | Noticed a deep elf mage
  9750 | D:10     | Killed a deep elf mage
  9798 | D:10     | Noticed an ogre mage
  9802 | D:10     | Killed an ogre mage
  9989 | D:10     | Found Kupaoky's Gadget Boutique.
 10003 | D:10     | Found a one-way gate to the infinite horrors of the Abyss.
 10020 | D:10     | Offered knowledge of Olgreb's Toxic Radiance by Vehumet.
 10027 | D:10     | Learned a level 4 spell: Olgreb's Toxic Radiance
 10354 | D:10     | Killed an unseen horror
 10721 | Lair:1   | Entered Level 1 of the Lair of Beasts
 10739 | Lair:1   | Reached skill level 16 in Spellcasting
 11849 | Lair:2   | Reached skill level 5 in Dodging
 11867 | Lair:2   | Reached ***** piety under Vehumet
 11908 | Lair:2   | Offered knowledge of Irradiate by Vehumet.
 11916 | Lair:2   | Learned a level 5 spell: Irradiate
 11982 | Lair:2   | Reached XP level 12. HP: 34/62 MP: 30/34
 12035 | Lair:2   | Noticed Gastronok
 12037 | Lair:2   | Found a gate leading to a gauntlet.
 12043 | Lair:2   | Killed Gastronok
 12043 | Lair:2   | Reached skill level 17 in Spellcasting
 12055 | Gauntlet | Entered a Gauntlet
 12055 | Gauntlet | Found a transporter.
 12055 | Gauntlet | Found a transporter.
 12365 | Gauntlet | Found a transporter.
 12365 | Gauntlet | Found a transporter.
 12368 | Gauntlet | Found a transporter.
 12388 | Gauntlet | Found a transporter.
 12397 | Gauntlet | Found a transporter.
 12402 | Gauntlet | Found a transporter.
 12424 | Gauntlet | Noticed a reaper
 12425 | Gauntlet | Found a transporter.
 12428 | Gauntlet | Found a transporter.
 12500 | Gauntlet | Found a transporter.
 12524 | Gauntlet | Found a transporter.
 13300 | Gauntlet | Noticed a minotaur
 13312 | Gauntlet | Hit by a steel javelin thrown by a minotaur

Skill      XL: |  1  2  3  4  5  6  7  8  9 10 11 12 |
---------------+-------------------------------------+-----
Earth Magic    | 4 5 6 8 9 11 13 | 13.5
Spellcasting   | 4 5 6 7 8 10 13 14 16 17 | 17.7
Stealth        | 3 4 5 6 |  6.5
Long Blades    | 1 2 |  2.9
Dodging        | 3 4 5 |  5.2
Fighting       | 1 2 |  2.1
Transmutations | 2 |  2.1
Summonings     | |  0.3

Action                   |  1- 3 |  4- 6 |  7- 9 | 10-12 || total
-------------------------+-------+-------+-------+-------++-------
Melee: Unarmed           |     1 |       |       |       ||     1
       Falchion          |     5 |     3 |    44 |    30 ||    82
 Cast: Sandblast         |    36 |    33 |   101 |   213 ||   383
       Lee's Rapid Decon |       |     3 |    26 |    62 ||    91
       Petrify           |       |     1 |     4 |     6 ||    11
       Call Canine Famil |       |       |       |     4 ||     4
       Olgreb's Toxic Ra |       |       |       |     1 ||     1
Evoke: Wand              |       |     1 |       |       ||     1
  Use: Scroll            |       |       |     7 |     5 ||    12
       Potion            |       |       |     3 |     1 ||     4
 Stab: Petrifying        |       |     1 |       |       ||     1
       Sleeping          |       |       |     6 |       ||     6
       Petrified         |       |       |     1 |     9 ||    10
  Eat: Chunk             |       |     5 |    17 |    10 ||    32
       Ration            |       |       |     1 |     3 ||     4
Armor: Robe              |     2 |     2 |    10 |    38 ||    52
       Skin              |       |       |     6 |       ||     6
Dodge: Dodged            |    21 |    20 |    74 |    95 ||   210
       Rpst.: Falchion   |     3 |     7 |    12 |    31 ||    53
